 Dungeon Crawl Stone Soup version 0.30-a0-475-g03497ec522 (webtiles) character file.

Game seed: 15404775798892959511

37 bmack86 the Trooper (level 3, -2/33 HPs)
             Began as a Minotaur Fighter on Dec 21, 2022.
             Succumbed to a goblin's poison
             ... on level 2 of the Dungeon.
             The game lasted 00:02:37 (767 turns).

bmack86 the Trooper (Minotaur Fighter)               Turns: 767, Time: 00:02:38

Health: -2/33      AC: 13    Str: 22    XL:     3   Next: 23%
Magic:  2/2        EV:  6    Int:  5    God:
Gold:   145        SH:  4    Dex:  9    Spells: 2/2 levels left

rFire   . . .      SeeInvis +    a - +0 war axe
rCold   . . .      Faith    .    c - +0 buckler
rNeg    . . .      Spirit   .    e - +0 plate armour
rPois   .          Reflect  .    (helmet restricted)
rElec   .          Harm     .    (no cloak)
rCorr   .          Rampage  .    (no gloves)
Will    .....                    j - +0 pair of boots
Stlth   ..........               h - amulet of regeneration
HPRegen 1.05/turn                g - ring of see invisible
MPRegen 0.08/turn                (no ring)

@: lethally poisoned (-2 -> -18)
A: horns 2, retaliatory headbutt
a: no special abilities


You were on level 2 of the Dungeon.
You visited 1 branch of the dungeon, and saw 2 of its levels.

You collected 145 gold pieces.

Inventory:

Hand Weapons
 a - a +0 war axe (weapon)
Armour
 b - a +0 scale mail
 c - a +0 buckler (worn)
 e - a +0 plate armour (worn)
 j - a +0 pair of boots (worn)
Jewellery
 g - a ring of see invisible (left hand)
 h - an amulet of regeneration (around neck)
Potions
 d - a potion of might
 f - 2 potions of heal wounds {unknown}
 i - 2 potions of curing {unknown}


   Skills:
 + Level 4.2 Fighting
 + Level 2.8 Axes
 + Level 4.2 Armour
 + Level 4.1 Shields


You had 2 spell levels left.
You didn't know any spells.
Your spell library was empty.

Dungeon Overview and Level Annotations

Branches:
Dungeon (2/15)

Altars:


Innate Abilities, Weirdness & Mutations

You have a pair of horns on your head.
You reflexively headbutt those who attack you in melee.


Message History

The goblin attacks as you move away! The goblin hits you but does no damage.
The goblin barely misses you. The goblin hits you but does no damage.
You closely miss the goblin. You barely miss the goblin. x2
The goblin hits you but does no damage. x2
You are poisoned.
The goblin hits you but does no damage. You block the goblin's attack.
The goblin closely misses you. The goblin hits you but does no damage.
You hit the goblin.
The goblin is severely wounded.
You hit the goblin.
You kill the goblin!
You miss the goblin.
You feel very sick.
The goblin hits you with a +2 dagger of venom.
You are more poisoned.
The goblin hits you with a +0 dagger.
You hit the goblin.
You kill the goblin!
You barely miss the goblin.
You feel very sick. The goblin hits you but does no damage.
You are more poisoned.
You feel very sick. The goblin barely misses you.
Things that are here:
a +0 dagger; a goblin corpse You feel very sick.
The goblin hits you but does no damage.
You are lethally poisoned!
Things that are here:
a +0 dagger; a +0 whip; a goblin corpse You closely miss the goblin.
* * * LOW HITPOINT WARNING * * *
You feel extremely sick. The goblin hits you but does no damage.
You are more poisoned.
The goblin completely misses you.
You slash the goblin!
You kill the goblin!
You die...

#.# #......# #.#
#......# #.# #......#
#.# #......# #.#
#......# #.# #......#
#.# #......# #.##
#..)@..###########...
+$..)..'.............
#......##############
#.....!# .....
#......# #####
.......... .....
#.########## ##.## #.
#


There were no monsters in sight!

Vanquished Creatures
  2 bats (D:1)
  An endoplasm (D:1)
  2 giant cockroaches (D:1)
  6 goblins
  10 jackals (D:1)
  2 kobolds (D:1)
  2 quokkas
  3 ball pythons (D:1)
  A frilled lizard (D:1)
  A rat (D:1)
30 creatures vanquished.

Vanquished Creatures (others)
  3 fungi (D:1)
  3 toadstools (D:1)
6 creatures vanquished.

Grand Total: 36 creatures vanquished

Notes
Turn   | Place    | Note
-------+----------+-------------------------------------------
     0 | D:1      | bmack86 the Minotaur Fighter began the quest for the Orb.
     0 | D:1      | Reached XP level 1. HP: 19/19 MP: 0/0
    67 | D:1      | Reached XP level 2. HP: 27/27 MP: 1/1
   426 | D:1      | Reached XP level 3. HP: 33/33 MP: 2/2
   767 | D:2      | Succumbed to a goblin's poison

Illustrated notes

Levels and vault maps discovered:
D:1:      roderic_crossed_star, layout_basic, kennysheep_doodads,
          minmay_gold_behind_fungi, corexii_item_surrounded_by_moat
D:2:      layout_basic, serial_shops, shop, uniq_terence

Skill      XL: |  1  2 |
---------------+-------+-----
Fighting       | 4 |  4.2
Armour         | 4 |  4.2
Shields        | 4 |  4.1
Axes           | |  2.8

Action                   || total
-------------------------++-------
Melee: War axe           ||    60
       Headbutt          ||     5
Armor: Plate armour      ||    54
       Scale mail        ||     6
Dodge: Dodged            ||    29
Block: Buckler           ||    11

Table legend: (Time is in decaauts)
 A = Elapsed time spent in this place.
 B = Non-inter-level travel time spent in this place.
 C = Inter-level travel time spent in this place.
 D = Time resting spent in this place.
 E = Time spent auto-exploring this place.
 F = Levels seen in this place.
 G = Mean time per level.
                   A        B        C        D        E       F      G
               +--------+--------+--------+--------+--------+-----+--------+
         Total |    790 |    790 |      0 |      0 |    429 |   2 |  395.0 |
       Dungeon |    790 |    790 |      0 |      0 |    429 |   2 |  395.0 |
               +--------+--------+--------+--------+--------+-----+--------+

Top non-repeatable levels by time:
     D:1: 687 daAuts
     D:2: 102 daAuts
